 Dungeon Crawl Stone Soup version 0.30-a0-728-gc68057be0a (webtiles) character file.

Game seed: 11546369506980050181

87 bpung the Shield-Bearer (level 4, -3/29 HPs)
             Began as a Gargoyle Fighter on Feb 1, 2023.
             Slain by Robin
             ... wielding a +0 trident
              (8 damage)
             ... on level 3 of the Dungeon.
             The game lasted 00:03:27 (1793 turns).

bpung the Shield-Bearer (Gargoyle Fighter)          Turns: 1793, Time: 00:03:28

Health: -3/29      AC:  7    Str: 21    XL:     4   Next: 51%
Magic:  4/4        EV:  8    Int:  9    God:
Gold:   1035       SH:  8    Dex:  9    Spells: 3/3 levels left

rFire   . . .      SeeInvis .    a - +0 flail
rCold   . . .      Faith    .    g - +0 kite shield
rNeg    + . .      Spirit   .    b - +0 scale mail
rPois   ∞          Reflect  .    (no helmet)
rElec   +          Harm     .    (no cloak)
rCorr   .          Rampage  .    (no gloves)
Will    .....                    o - +0 pair of boots Stlth
                                 (no amulet)
HPRegen 0.24/turn                (no ring)
MPRegen 0.09/turn                (no ring)

@: mighty, corroded
A: sickness immunity, AC +3, negative energy resistance 1, electricity
resistance, torment resistance 1, petrification resistance
a: no special abilities


You were on level 3 of the Dungeon.
You visited 1 branch of the dungeon, and saw 3 of its levels.

You collected 1035 gold pieces.

Inventory:

Hand Weapons
 a - a +0 flail (weapon)
Missiles
 n - 3 boomerangs (quivered)
Armour
 b - a +0 scale mail (worn)
 g - a +0 kite shield (worn)
 o - a +0 pair of boots (worn)
Potions
 f - a potion of magic
 i - a potion of invisibility


   Skills:
 + Level 4.0 Fighting
 + Level 2.8 Maces & Flails
 + Level 4.0 Armour
 + Level 4.1 Shields


You had 3 spell levels left.
You didn't know any spells.
Your spell library contained the following spells:

 Spells                   Type           Power      Damage    Failure   Level
 Foxfire                  Conj/Fire      0%         2x1d4     97%         1
 Static Discharge         Conj/Air       0%         2-2/arc   99%         2
 Vhi's Electric Charge    Tloc/Air       0%         N/A       100%        3
 Arcjolt                  Conj/Air       0%         1d10      100%        5
 Fireball                 Conj/Fire      0%         3d3       100%        5
 Lightning Bolt           Conj/Air       0%         1d11      100%        5
 Starburst                Conj/Fire      0%         6d3       100%        6


Dungeon Overview and Level Annotations

Branches:
Dungeon (3/15)

Altars:

Annotations:
D:3 Robin


Innate Abilities, Weirdness & Mutations

You are immune to sickness and miasma.
Your stone body is resilient. (AC +3)
You are immune to poison.
You resist negative energy. (rN+)
You are resistant to electric shocks. (rElec)
You are resistant to unholy torment.
You are immune to petrification.


Message History

You hit the jelly.
You kill the jelly!
Robin hits you from afar with a +0 trident.
Robin closely misses you. You block the hobgoblin's attack.
Your Fighting skill increases to level 4!
Your Shields skill increases to level 4!
You have reached level 4!
You feel clever.
You hit the hobgoblin but do no damage. You block the hobgoblin's attack.
Robin throws the goblin at you!
You barely miss the hobgoblin. The hobgoblin hits you.
* * * LOW HITPOINT WARNING * * *
Robin says, "Kneel, worm!"
You block Robin's attack. The goblin hits you with a +0 club.
* * * LOW HITPOINT WARNING * * *
You sock the goblin!
You kill the goblin!
You block Robin's attack.
The hobgoblin hits you but does no damage.
You block Robin's attack.
The hobgoblin hits you but does no damage.
Your Armour skill increases to level 4!
You closely miss the hobgoblin.
The hobgoblin no longer looks unusually strong.
Robin hits you but does no damage. You block the hobgoblin's attack.
The hobgoblin attacks as you move away! The hobgoblin barely misses you.
Robin roars a battlecry!
The hobgoblin goes into a battle-frenzy!
Things that are here:
a +0 club; a goblin corpse You feel very mighty all of a sudden.
The hobgoblin hits you.
* * * LOW HITPOINT WARNING * * *
You thump the hobgoblin!
You kill the hobgoblin!
Robin closely misses you.
Robin says, "Duck!"
Robin hits you but does no damage. Robin hits you with a +0 trident!
You die...

*******############# ***
,,,,,,,........)@g.#***********,,
,,,,***......#####.#,,,,,,,,,,*,,
,,,,* *..^...#####)#,,,,,,,*,**,,
,,,,***..........g.#.......*,**,,
,,,,*,,..........gJ#.......*,**,,
,,,,*,,.....#......#.......,,,,,,
,,,,*,,.....#......#.......,,,,,,
,,,,*,,............#.....,.,,,,,,
*******###.........#...,...,,,,,,


You could see Robin.

Vanquished Creatures
  A jelly (D:3)
  An adder (D:2)
  A worm (D:2)
  A dart slug (D:2)
  3 endoplasms (D:1)
  A giant cockroach (D:1)
  11 goblins
  6 hobgoblins
  A quokka (D:2)
  4 ball pythons
  2 bats (D:1)
  2 kobolds (D:3)
  7 rats
41 creatures vanquished.

Notes
Turn   | Place    | Note
-------+----------+-------------------------------------------
     0 | D:1      | bpung the Gargoyle Fighter began the quest for the Orb.
     0 | D:1      | Reached XP level 1. HP: 14/14 MP: 1/1
   477 | D:1      | Reached XP level 2. HP: 18/19 MP: 2/2
  1057 | D:2      | Reached XP level 3. HP: 24/24 MP: 3/3
  1659 | D:3      | Noticed Robin
  1715 | D:3      | Identified a scroll of acquirement
  1715 | D:3      | Acquired 934 gold pieces
  1786 | D:3      | Reached XP level 4. HP: 12/29 MP: 4/4
  1793 | D:3      | Slain by Robin

Illustrated notes

Levels and vault maps discovered:
D:1:      lemuel_arrival_behind_the_door_large, layout_basic,
          roderic_serpentine_path, st_stairs_5, hex_medium
D:2:      layout_basic
D:3:      layout_basic, hellmonk_ecumenical_altar_prayer_group,
          eino_tiny_chamber, uniq_robin

Skill      XL: |  1  2  3  4 |
---------------+-------------+-----
Fighting       | 4 |  4.0
Shields        | 4 |  4.1
Armour         | 4 |  4.0
Maces & Flails | |  2.8

Action                     |  1- 3 |  4- 6 || total
---------------------------+-------+-------++-------
  Melee: Flail             |   109 |     5 ||   114
    Use: Scroll            |     6 |       ||     6
         Potion            |     4 |     1 ||     5
 Armour: Scale mail        |    64 |     4 ||    68
  Dodge: Dodged            |    54 |     2 ||    56
  Block: Buckler           |     7 |       ||     7
         Kite shield       |    47 |     5 ||    52

Table legend: (Time is in decaauts)
 A = Elapsed time spent in this place.
 B = Non-inter-level travel time spent in this place.
 C = Inter-level travel time spent in this place.
 D = Time resting spent in this place.
 E = Time spent auto-exploring this place.
 F = Levels seen in this place.
 G = Mean time per level.
                   A        B        C        D        E       F      G
               +--------+--------+--------+--------+--------+-----+--------+
         Total |   1839 |   1739 |    100 |     75 |   1236 |   3 |  613.0 |
       Dungeon |   1839 |   1739 |    100 |     75 |   1236 |   3 |  613.0 |
               +--------+--------+--------+--------+--------+-----+--------+

Top non-repeatable levels by time:
     D:1: 896 daAuts
     D:2: 747 daAuts
     D:3: 195 daAuts
